 Dungeon Crawl Stone Soup version 0.30-a0-322-g102857c98e (webtiles) character file.

Game seed: 7824175851000608092

7886 DapperDog the Protected (level 11, 0/100 HPs)
             Began as a Minotaur Berserker on Oct 26, 2022.
             Was an Elder of Trog.
             Slain by a vampire mosquito (7 damage)
             ... on level 12 of the Dungeon on Oct 27, 2022.
             The game lasted 01:15:21 (9481 turns).

DapperDog the Protected (Minotaur Berserker)        Turns: 9481, Time: 01:15:24

Health: 0/100      AC: 16    Str: 33    XL:     11   Next: 2%
Magic:  0/10       EV:  9    Int:  4    God:    Trog [****..]
Gold:   254        SH:  0    Dex:  9    Spells: 10/10 levels left

rFire   . . .      SeeInvis .    h - +1 battleaxe
rCold   . . .      Faith    .    (shield currently unavailable)
rNeg    + . .      Spirit   +    w - +0 plate armour
rPois   .          Reflect  .    (helmet restricted)
rElec   .          Harm     .    (no cloak)
rCorr   .          Rampage  .    (no gloves)
Will    ++...                    p - +0 pair of boots
Stlth   ..........               q - amulet of guardian spirit
HPRegen 1.36/turn                l - +6 ring of strength
MPRegen 0.12/turn                r - ring of positive energy

@: strong-willed, regenerating
A: horns 2, retaliatory headbutt
a: Renounce Religion, Berserk, Trog's Hand, Brothers in Arms


You were on level 12 of the Dungeon.
You worshipped Trog.
Trog was greatly pleased with you.
You visited 1 branch of the dungeon, and saw 10 of its levels.

You collected 386 gold pieces.
You spent 132 gold pieces at shops.

Inventory:

Hand Weapons
 a - a +0 falchion
 h - a +1 battleaxe (weapon)
 o - a +4 flail
 s - a +2 mace
 B - a +3 quarterstaff
 C - a +4 arbalest
 D - a +2 whip of freezing
 K - a +3 battleaxe
 L - a +3 great sword of freezing
 M - a +5 hand axe
 N - a +1 spear of pain
Missiles
 e - 4 javelins (quivered)
 k - 7 poisoned darts
 I - 15 boomerangs
Armour
 p - a +0 pair of boots (worn)
 w - a +0 plate armour (worn)
 y - a +0 pair of boots
 J - a +0 troll leather armour
Magical Staves
 x - a staff of poison
Jewellery
 l - a +6 ring of strength (left hand)
 q - an amulet of guardian spirit (around neck)
 r - a ring of positive energy (right hand)
 E - a ring of wizardry
Wands
 j - a wand of flame (15)
 A - a wand of charming (4)
Scrolls
 c - 4 scrolls of teleportation
 d - 3 scrolls of blinking
 f - 2 scrolls of magic mapping
 g - 6 scrolls of noise
 i - a scroll of identify
 m - a scroll of vulnerability
 u - a scroll of amnesia
 v - a scroll of torment {unknown}
 G - a scroll of brand weapon {unknown}
Potions
 b - a potion of haste
 n - 2 potions of might
 z - a potion of brilliance
 F - a potion of attraction
 H - a potion of flight


   Skills:
 * Level 10.2 Fighting
 + Level 5.4 Long Blades
 * Level 10.7(11.9) Axes
 - Level 8.3(10.8) Maces & Flails
 + Level 1.2 Throwing
 * Level 10.8 Armour
 + Level 3.2 Dodging
 - Level 0.2 Stealth


You had 10 spell levels left.
You didn't know any spells.
Your spell library contained the following spells:

 Spells                   Type           Power      Damage    Failure   Level
 Blink                    Tloc           0%         N/A       99%         2
 Ensorcelled Hibernation  Hex/Ice        0%         N/A       99%         2
 Passwall                 Tmut/Erth      0%         N/A       99%         2
 Swiftness                Air            0%         N/A       100%        3
 Airstrike                Air            0%         2d(0-16)  100%        4
 Animate Dead             Necr           0%         N/A       100%        4
 Manifold Assault         Tloc           0%         N/A       100%        4
 Summon Lightning Spire   Summ/Air       0%         N/A       100%        4
 Lightning Bolt           Conj/Air       0%         1d11      100%        5
 Haunt                    Necr/Summ      0%         N/A       100%        7
 Storm Form               Tmut/Air       0%         N/A       100%        7
 Infestation              Necr           0%         N/A       100%        8


Dungeon Overview and Level Annotations

Branches:
Dungeon (12/15)            Temple (0/1) D:4            Lair (0/5) D:9
    Orc: D:9-12

Altars:
Cheibriados
Nemelex Xobeh
Wu Jian
Yredelemnul

Shops:
D:8 *!


Innate Abilities, Weirdness & Mutations

You have a pair of horns on your head.
You reflexively headbutt those who attack you in melee.


Message History

The troll bites you but does no damage. The troll claws you!
The troll closely misses you.
There are monsters nearby!
There are monsters nearby!
Your skin crawls.
You feel strong-willed.
The vampire mosquito buzzes angrily.
The vampire mosquito closely misses you.
The vampire mosquito bites you. The troll bites you but does no damage.
The troll claws you but does no damage. The troll claws you.
You hit the troll. You headbutt the troll!
The troll is heavily wounded.
You slash the vampire mosquito! The vampire mosquito barely misses you.
The vampire mosquito bites you. The troll bites you! The troll claws you!
The troll completely misses you. The vampire mosquito barely misses you.
You closely miss the troll. Your headbutt misses the troll.
The troll is heavily wounded.
You closely miss the vampire mosquito.
The vampire mosquito closely misses you.
The troll bites you! The troll claws you but does no damage.
The troll closely misses you.
The vampire mosquito bites you but does no damage.
The troll completely misses you. You furiously retaliate!
You headbutt the troll! The troll claws you.
* * * LOW HITPOINT WARNING * * *
The troll claws you!
* * * LOW HITPOINT WARNING * * *
You feel better.
The vampire mosquito bites you but does no damage.
The vampire mosquito closely misses you.
The vampire mosquito bites you.
* * * LOW HITPOINT WARNING * * *
The troll bites you.
* * * LOW HITPOINT WARNING * * *
The troll claws you!
* * * LOW HITPOINT WARNING * * *
The troll claws you.
* * * LOW HITPOINT WARNING * * *
The vampire mosquito bites you!
You die...

...... .. .. #.....
.# ...
......###.##...
...........#.#..
..##............
..............#
#......T....#
##.....y@....##
.......y.>....#
...............#
.................
.................
.................
.................
.................
............#.#....


You could see a troll and 2 vampire mosquitoes.

Vanquished Creatures
  Pikel (D:7)
  Joseph (D:7)
  2 kobold demonologists (D:8)
  2 trolls
  Prince Ribbit (D:7)
  A shadow (D:9)
  7 yaks (D:8)
  A vampire mosquito (D:12)
  2 steam dragons
  An acid dragon (D:9)
  5 water moccasins
  2 ice beasts
  An orc warrior (D:7)
  3 ogres
  2 wolves (D:9)
  2 centaurs
  2 phantoms (D:6)
  A kobold brigand (D:8)
  A bullfrog (D:7)
  A necrophage (D:6)
  A gnoll sergeant (D:9)
  2 scorpions
  10 wights
  9 killer bees
  2 howler monkeys
  An electric eel (D:9)
  4 jellies
  9 hounds
  6 orc priests
  3 gnoll boudas
  Jessica (D:2)
  6 iguanas
  5 orc wizards
  Robin (D:4)
  21 gnolls
  7 adders
  A shadow imp (D:6)
  A white imp (D:8)
  6 worms
  A dart slug (D:3)
  23 orcs
  6 ball pythons
  3 bats
  7 endoplasms
  5 giant cockroaches (D:1)
  17 goblins
  10 hobgoblins
  8 jackals
  A quokka (D:2)
  2 frilled lizards
  15 kobolds
  2 rats (D:1)
235 creatures vanquished.

Vanquished Creatures (others)
  A gnoll (D:7)
1 creature vanquished.

Grand Total: 236 creatures vanquished

Notes
Turn   | Place    | Note
-------+----------+-------------------------------------------
     0 | D:1      | DapperDog the Minotaur Berserker began the quest for the
                  | Orb.
     0 | D:1      | Reached XP level 1. HP: 19/19 MP: 0/0
    81 | D:1      | Reached XP level 2. HP: 17/27 MP: 1/1
   249 | D:1      | Reached XP level 3. HP: 28/33 MP: 2/2
   287 | D:1      | Noticed a shining eye
   288 | D:1      | Found a faded altar of an unknown god.
   289 | D:1      | Noticed a floating eye
   289 | D:1      | Noticed an eye of devastation
   289 | D:1      | Noticed a great orb of eyes
   292 | D:1      | Reached ** piety under Trog
   902 | D:2      | Reached XP level 4. HP: 40/41 MP: 3/3
  1525 | D:2      | Reached skill level 5 in Long Blades
  1698 | D:2      | Noticed Jessica
  1703 | D:2      | Killed Jessica
  2059 | D:3      | Reached XP level 5. HP: 43/47 MP: 2/4
  2835 | D:3      | Reached skill level 1 in Maces & Flails
  3172 | D:4      | Found a staircase to the Ecumenical Temple.
  3330 | D:4      | Noticed Robin
  3336 | D:4      | Reached skill level 5 in Fighting
  3339 | D:4      | Reached *** piety under Trog
  3345 | D:4      | Killed Robin
  3530 | D:4      | Reached XP level 6. HP: 52/56 MP: 5/5
  4071 | D:5      | Entered Level 5 of the Dungeon
  4097 | D:5      | Noticed a steam dragon
  4110 | D:5      | Killed a steam dragon
  4321 | D:5      | Noticed a water moccasin
  4330 | D:5      | Killed a water moccasin
  4331 | D:5      | Reached skill level 5 in Maces & Flails
  4331 | D:5      | Reached XP level 7. HP: 41/61 MP: 4/6
  4500 | D:5      | Reached skill level 5 in Armour
  5216 | D:6      | Reached XP level 8. HP: 67/70 MP: 7/7
  5516 | D:6      | Found a sparkling altar of Nemelex Xobeh.
  5677 | D:6      | Reached skill level 1 in Axes
  5677 | D:6      | Reached XP level 9. HP: 79/79 MP: 8/8
  5738 | D:6      | Found an ornate altar of the Wu Jian Council.
  5765 | D:6      | Found a snail-covered altar of Cheibriados.
  6525 | D:7      | Noticed Prince Ribbit
  6545 | D:7      | Killed Prince Ribbit
  6778 | D:7      | Noticed Joseph
  6791 | D:7      | Killed Joseph
  6792 | D:7      | Reached skill level 5 in Axes
  6925 | D:7      | Noticed Pikel
  6933 | D:7      | Killed Pikel
  6963 | D:8      | Noticed a kobold demonologist
  6964 | D:8      | Upgraded the game from 0.30-a0-313-gae38170b09 to
                  | 0.30-a0-322-g102857c98e
  6965 | D:8      | Reached skill level 1 in Throwing
  6968 | D:8      | Reached XP level 10. HP: 76/90 MP: 9/9
  6973 | D:8      | Reached skill level 10 in Armour
  7004 | D:8      | Found Urousadgh's Assorted Antiques.
  7211 | D:8      | Reached **** piety under Trog
  7532 | D:8      | Found Mysud's Distillery.
  7551 | D:8      | Bought 2 potions of curing for 66 gold pieces
  7551 | D:8      | Bought a potion of curing for 33 gold pieces
  7551 | D:8      | Bought a potion of flight for 33 gold pieces
  8209 | D:9      | Found a staircase to the Lair.
  8218 | D:9      | Reached skill level 10 in Axes
  8841 | D:9      | Found a basalt altar of Yredelemnul.
  8926 | D:9      | Reached skill level 10 in Fighting
  9452 | D:9      | You fall into a shaft and drop 3 floors!
  9461 | D:12     | Reached XP level 11. HP: 97/99 MP: 10/10
  9481 | D:12     | Slain by a vampire mosquito

Illustrated notes

Levels and vault maps discovered:
D:1:      minmay_arrival_doors, layout_rooms,
          hellmonk_ecumenical_altar_watching_god,
          chequers_serial_rivers_small_a, minmay_liquid_box
D:2:      layout_basic, uniq_jessica
D:3:      layout_basic, minmay_fractal_squares_diagonal_5
D:4:      layout_basic, minmay_temple_entry_tees, uniq_robin
D:5:      layout_cave_pools, minivault_5, minmay_fractal_squares_gapless_5
D:6:      layout_basic, mainiacjoe_overflow_swirl, nemelex_dance_club_becter,
          amcnicky_mini_corridor_feature, nicolae_figureground_sparkle
D:7:      layout_rooms, uniq_joseph, uniq_pikel, uniq_prince_ribbit1
D:8:      hellmonk_ruined_rings, layout_rooms, serial_shops,
          nicolae_shop_hallway_stairs, nicolae_stop_n_shop_2,
          kennysheep_cross_bottleneck, dreamdust_princess_bridge,
          small_statue_intersection, st_stairs_7, grunt_ministairs_8
D:9:      layout_roguey, mainiacjoe_overflow_24_doors,
          amethyst_overflow_temple_binary, nicolae_qazlal_style_of_elements,
          mainiacjoe_overflow_chevrons, erik_lair_island,
          kennysheep_orc_monster_closet_entryway
D:12:     layout_cave_pools, serial_shops, shop, shop, nicolae_shop_trees,
          nzn_ghost_randoct, serial_column_ruins, column_ruins_square_medium,
          column_ruins_open_medium, column_ruins_columns_straight,
          column_ruins_columns_corner, column_ruins_grid_2, uniq_azrael

Skill      XL: |  1  2  3  4  5  6  7  8  9 10 |
---------------+-------------------------------+-----
Fighting       | 4 5 6 7 8 10 | 10.2
Long Blades    | 4 5 |  5.4
Dodging        | 3 |  3.2
Armour         | 3 4 5 8 9 10 | 10.8
Maces & Flails | 2 5 6 8 |  8.3
Axes           | 1 6 10 | 10.7
Throwing       | 1 |  1.2
Stealth        | |  0.2

Action                   |  1- 3 |  4- 6 |  7- 9 | 10-12 || total
-------------------------+-------+-------+-------+-------++-------
Melee: Falchion          |    78 |    20 |       |       ||    98
       Headbutt          |    14 |    15 |    26 |    29 ||    84
       Punch             |     2 |       |     1 |       ||     3
       Flail             |       |   113 |    80 |       ||   193
       Battleaxe         |       |       |   105 |   129 ||   234
Throw: Javelin           |       |       |     4 |     3 ||     7
Invok: Trog's Hand       |       |     5 |     4 |     4 ||    13
       Berserk           |       |     3 |     7 |     4 ||    14
  Use: Scroll            |       |    10 |     2 |     3 ||    15
       Potion            |       |     8 |     1 |     6 ||    15
Armor: Animal skin       |     3 |       |       |       ||     3
       Leather armour    |    20 |     4 |       |       ||    24
       Scale mail        |       |    11 |       |       ||    11
       Plate armour      |       |    60 |   150 |   132 ||   342
Dodge: Dodged            |    69 |    63 |   110 |   120 ||   362

Table legend: (Time is in decaauts)
 A = Elapsed time spent in this place.
 B = Non-inter-level travel time spent in this place.
 C = Inter-level travel time spent in this place.
 D = Time resting spent in this place.
 E = Time spent auto-exploring this place.
 F = Levels seen in this place.
 G = Mean time per level.
                   A        B        C        D        E       F      G
               +--------+--------+--------+--------+--------+-----+--------+
         Total |   9711 |   3737 |   5974 |   2292 |      0 |  10 |  971.1 |
       Dungeon |   9711 |   3737 |   5974 |   2292 |      0 |  10 |  971.1 |
               +--------+--------+--------+--------+--------+-----+--------+

Top non-repeatable levels by time:
     D:9: 1290 daAuts
     D:8: 1253 daAuts
     D:2: 1235 daAuts
     D:3: 1206 daAuts
     D:6: 1115 daAuts
     D:5: 1067 daAuts
     D:4: 932 daAuts
     D:7: 826 daAuts
     D:1: 754 daAuts
    D:12: 29 daAuts
